Map: Dusk Towers

Players

Narvik - Winner!

  • Race: Terran Terran

Krigar

  • Race: Zerg Zerg
  • League: Diamond

VOD

Have the link to the VOD?

Description

Time

  • Played on: Nov. 23, 2015, 12:24 a.m.
  • Length: 14:13
Show
View Real Time Build Order
Export as new Build Order

Narvik Terran - Winner!

Build Orders: Liberator Opening, Reaper Expand, Bio Tank, MMM Bio 

Get SALT Encoding   

  12  0:01  SCV  
  13  0:14  SCV  
  14  0:18  Supply Depot  
  14  0:26  SCV  
  15  0:39  SCV  
  15  0:42  Barracks  
  16  0:46  Refinery  
  16  0:51  SCV  
  17  1:03  SCV  
  18  1:16  SCV  
  19  1:29  Orbital Command  
  19  1:32  Reaper  
  20  1:44  Command Center  
  20  1:56  SCV  
  20  2:00  Supply Depot  
  21  2:05  Barracks Reactor  
  21  2:08  SCV  
  22  2:20  SCV  
  23  2:26  Factory  
  23  2:32  SCV  
  24  2:41  Marine x2  
  25  2:50  SCV  
  26  2:55  Command Center  
  26  2:56  Orbital Command  
  26  3:01  Marine x2  
  26  3:04  SCV  
  29  3:13  Starport  
  29  3:15  Refinery  
  29  3:17  SCV  
  30  3:30  SCV  
  30  3:31  SCV  
  32  3:35  Hellion x2  
  32  3:36  Liberator  
  36  3:48  SCV  
  40  3:56  Hellion x2  
  40  4:00  Supply Depot  
  40  4:01  Barracks Tech Lab  
  44  4:03  SCV x2  
  44  4:09  Supply Depot  
  46  4:12  Orbital Command  
  46  4:18  SCV  
  46  4:19  SCV  
  52  4:24  Hellion x2  
  52  4:30  SCV, Marine  
  52  4:31  SCV, Supply Depot  
  55  4:34  Stimpack  
  55  4:42  SCV  
  56  4:51  Marine  
  57  4:53  SCV  
  57  4:54  SCV  
  57  4:56  Engineering Bay  
  57  4:57  Engineering Bay  
  59  5:00  Factory Reactor  
  59  5:08  Marine  
  59  5:09  SCV x2  
  62  5:16  Barracks  
  62  5:17  Refinery  
  62  5:18  Barracks  
  63  5:21  SCV x3  
  63  5:26  Marine  
  63  5:27  Terran Infantry Weapons Level 1, Terran Infantry Armor Level 1  
  66  5:33  SCV x2  
  68  5:44  Marine  
  68  5:45  SCV  
  68  5:46  SCV  
  71  5:56  Starport Reactor  
  71  5:57  Barracks  
  71  5:58  Barracks  
  71  5:59  SCV x2  
  71  6:02  Marauder  
  75  6:10  Factory Tech Lab  
  75  6:15  SCV  
  75  6:18  Marine x2  
  77  6:20  Supply Depot  
  77  6:23  Marine  
  77  6:24  Armory  
  79  6:26  Marine x2  
  79  6:28  Supply Depot, SCV  
  79  6:29  SCV  
  79  6:31  Refinery  
  79  6:32  Refinery  
  83  6:36  SCV, Refinery, Marine  
  83  6:39  Combat Shields  
  85  6:41  SCV, Siege Tank, Medivac x2  
  85  6:46  Barracks Reactor  
  93  6:47  SCV  
  93  6:48  Supply Depot, Barracks Tech Lab  
  93  6:49  Supply Depot x2  
  93  6:51  Supply Depot  
  93  6:53  Marine x4, Marauder  
  100  6:56  SCV x2  
  100  6:59  SCV  
  103  7:08  SCV x2  
  104  7:11  SCV  
  110  7:15  Marauder  
  110  7:16  Supply Depot, Marauder  
  110  7:18  Marine x4  
  110  7:21  Terran Vehicle Weapons Level 1  
  114  7:25  SCV x3  
  117  7:32  Siege Tank  
  117  7:36  Medivac x2  
  128  7:37  Marauder x2  
  122  7:57  Marine x4  
  122  7:58  Marine x2  
  122  8:01  Marauder x2  
  122  8:04  Siege Tank, Terran Infantry Weapons Level 2  
  129  8:06  Command Center, Medivac x2  
  129  8:12  Terran Infantry Armor Level 2  
  133  8:32  Marine  
  133  8:33  Marauder x2, Marine x4  
  142  8:36  Siege Tank, Medivac x2  
  149  9:01  Barracks x3  
  146  9:33  Marine  
  146  9:34  Marine x5  
  146  9:35  Medivac, Siege Tank, Marauder x2  
  146  9:36  Medivac  
  158  9:57  Marauder x2, Marine x3  
  158  9:58  Marine x3  
  159  10:05  Medivac x2  
  162  10:15  Marine x2  
  162  10:18  Siege Tank, Marine x3  
  164  10:22  Marine  
  164  10:25  Marauder  
  163  10:45  Marine  
  163  10:49  Barracks Tech Lab  
  164  10:50  Barracks Reactor x2  
  164  10:56  Marine  
  164  11:00  Factory, Marine  
  164  11:01  Marine  
  164  11:02  Factory, Starport, Marine  
  164  11:03  Marine  
  164  11:06  Marauder  
  164  11:07  Medivac, Siege Tank, Marauder  
  164  11:12  Medivac  
  137  11:28  Marauder  
  137  11:34  Marine x3, Marauder x2  
  137  11:35  Marine x5  
  137  11:39  Siege Tank, Medivac  
  154  11:42  Medivac  
  153  11:50  Marauder  
  149  11:58  Marine x5, Marauder x2  
  149  11:59  Marine x2  
  148  12:09  Medivac  
  148  12:11  Siege Tank, Marauder  
  148  12:12  Medivac  
  148  12:14  Factory Tech Lab x2  
  148  12:15  Starport Reactor  
  151  12:19  Marauder  
  151  12:40  Liberator  
  151  12:41  Liberator  
  151  12:43  Siege Tank  
  146  12:45  Marine, Marauder x2  
  146  12:46  Marine x3, Marauder  
  156  12:55  Siege Tank x2  
  156  12:56  Medivac  
  156  12:57  Medivac  
  151  13:05  Marine x2  
  151  13:06  Marine x4  
  151  13:07  Marine x3, Marauder  
  151  13:08  Marine  
  151  13:11  Planetary Fortress  
  163  13:22  Siege Tank  
  133  13:39  Marauder x3, Marine x4  
  133  13:40  Marine x5  
  133  13:41  Marine  
Show
View Real Time Build Order
Export as new Build Order

Krigar Zerg 

Build Orders: Hatch First, Muta Ling Bane 

Get SALT Encoding   

  12  0:01  Drone  
  13  0:09  Drone  
  14  0:17  Overlord  
  14  0:23  Drone, Extractor  
  15  0:36  Drone x2  
  17  0:44  Drone  
  18  0:59  Hatchery  
  17  1:08  Spawning Pool  
  17  1:11  Drone  
  17  1:14  Drone  
  18  1:23  Drone  
  18  1:25  Extractor  
  18  1:30  Drone  
  19  1:39  Drone  
  20  1:49  Overlord  
  20  1:55  Queen  
  22  2:09  Zergling x2  
  22  2:11  Queen  
  22  2:12  Zergling x2  
  26  2:16  Drone  
  27  2:26  Drone  
  27  2:27  Metabolic Boost  
  28  2:41  Drone  
  28  2:42  Drone  
  30  2:50  Queen  
  32  2:53  Drone x3  
  32  2:54  Overlord  
  35  3:05  Overlord  
  35  3:06  Drone  
  35  3:12  Queen  
  36  3:15  Drone x3  
  36  3:16  Drone  
  42  3:20  Hatchery  
  41  3:31  Drone x4  
  41  3:32  Drone  
  46  3:44  Zergling x4  
  46  3:56  Drone  
  46  3:57  Drone  
  46  3:59  Extractor  
  46  4:00  Extractor  
  46  4:04  Evolution Chamber  
  46  4:05  Evolution Chamber, Drone x3  
  46  4:06  Drone  
  46  4:09  Drone x2, Extractor  
  49  4:24  Baneling Nest  
  49  4:25  Drone  
  49  4:26  Drone  
  49  4:27  Drone x2  
  52  4:34  Roach Warren  
  51  4:53  Lair  
  51  4:56  Drone x7  
  51  4:57  Overlord  
  51  4:58  Overlord  
  58  5:17  Queen  
  58  5:18  Roach x2  
  58  5:19  Roach x3  
  72  5:21  Roach x2  
  72  5:25  Overlord  
  72  5:26  Overlord  
  72  5:28  Zerg Missile Weapons Level 1  
  74  5:57  Drone x4  
  74  5:58  Drone x8  
  74  6:01  Zerg Ground Armor Level 1  
  84  6:15  Glial Reconstitution  
  84  6:18  Drone  
  85  6:19  Drone x3  
  85  6:20  Infestation Pit  
  85  6:23  Extractor x2  
  85  6:25  Hatchery  
  84  6:34  Hatchery, Drone x3  
  84  6:35  Drone x3  
  84  6:36  Overlord x3  
  89  6:49  Ravager  
  90  7:02  Ravager x3  
  90  7:03  Ravager x2  
  95  7:08  Hive  
  95  7:10  Roach x3  
  95  7:11  Roach  
  95  7:13  Zergling x6  
  95  7:14  Zergling x16  
  114  7:15  Overlord  
  114  7:28  Zerg Missile Weapons Level 2  
  114  7:32  Evolution Chamber  
  114  7:34  Spire  
  108  7:52  Roach x2  
  108  7:53  Roach x11  
  108  7:57  Zergling x4  
  133  8:03  Overlord x4  
  133  8:07  Zerg Ground Armor Level 2  
  133  8:30  Centrifical Hooks  
  133  8:31  Spore Crawler  
  133  8:32  Zergling x12  
  133  8:33  Zergling x20  
  148  8:38  Baneling x6  
  148  8:39  Baneling x7  
  148  8:48  Overlord x2  
  148  8:50  Zergling x2  
  149  9:05  Queen  
  145  9:20  Mutalisk  
  145  9:21  Mutalisk x6  
  155  9:36  Drone x10  
  155  9:38  Overlord x4  
  163  9:57  Spore Crawler x2  
  163  9:58  Spore Crawler  
  160  10:05  Spire  
  159  10:12  Pneumatized Carapace  
  159  10:35  Drone  
  159  10:36  Extractor  
  159  10:39  Roach x16  
  188  10:43  Zergling x4  
  188  10:45  Overlord x3  
  170  11:25  Mutalisk x10  
  173  11:49  Ultralisk Cavern  
  165  12:02  Extractor  
  150  12:14  Mutalisk x2  
  147  12:23  Roach  
  147  12:24  Roach x3  
  154  12:32  Spawning Pool  
  145  12:51  Drone x3  
  145  12:52  Drone x19  
  145  12:58  Mutalisk x2  
  164  13:09  Hatchery  
  163  13:13  Overlord x2  
  161  13:21  Hatchery  
  120  13:29  Mutalisk  
  120  13:30  Mutalisk  
  83  13:36  Drone x4  
  83  13:37  Drone x2  
  69  13:41  Drone  
  69  13:46  Extractor  
  69  13:47  Zergling x8, Extractor  
Tags
 
Add a new tag
Caveats
  • Supply blocks, unpowered buildings, or Contaminate may cause inaccurate times.
  • Supply counts are checked every 10 seconds.